cohdb
Replays
Latest Replays
All Replays
Popular Replays
Top Player Replays
Match Explorer
How It Works
Community
CoH3 Stats
Reddit
Sign in to upload your games and track your stats! →
Sign in with Steam
Match 39459288
Unlisted
Match 39459288
Overview
Messages
Build Orders
End
Royal Engineer Section
Construct Section Command Post
Royal Engineer Section
Selects Canadian Shock Battlegroup
Infantry Section
Infantry Section
Construct Field Infirmary
Grenade Package
Selects Incendiary Munitions
Royal Engineer Section
Infantry Section
Selects Pyrotechnics
Selects Attacking Spirit
Selects Canadian Shock Section
Canadian Shock Section
Construct Platoon Command Post
Construct Platoon Command Post
Canadian Shock Section
Infantry Training
Construct Company Command Post
Unlock M3 Grant Medium Tanks
Selects Churchill Crocodile Heavy Tank
Selects Churchill Crocodile Heavy Tank
M3 Grant Medium Tank
Selects Point Assault
Selects Churchill Crocodile Heavy Tank
M3 Grant Medium Tank
Canadian Shock Section
ßoo
Meso
0
0
Comments
sign in to comment!
No comments posted yet!